 Dungeon Crawl Stone Soup version 0.29.1-2-gbd0b4ee654 (webtiles) character file.

Game seed: 86443359615841644

19271 RUZZLEFAZAZZLE the Blocker (level 12, 0/97 HPs)
             Began as a Gnoll Fighter on Nov 25, 2022.
             Was a High Priest of Okawaru.
             Slain by an orc warlord
             ... wielding a +1 great mace of venom
              (37 damage)
             ... on level 1 of the Orcish Mines.
             The game lasted 01:00:18 (15838 turns).

RUZZLEFAZAZZLE the Blocker (Gnoll Fighter)         Turns: 15838, Time: 01:00:19

Health: 0/97       AC: 25    Str: 22    XL:     12   Next: 67%
Magic:  0/23       EV:  8    Int:  9    God:    Okawaru [*****.]
Gold:   1264       SH: 19    Dex: 18    Spells: 26/26 levels left

rFire   + . .      SeeInvis .   a - +3 war axe (flame)
rCold   . . .      Faith    .   r - +2 tower shield
rNeg    . . .      Spirit   +   I - +4 plate armour of Dice, Bag, and Bottle {Str+3}
rPois   .          Reflect  .   (helmet restricted)
rElec   .          Harm     .   s - +0 cloak
rCorr   .          Rampage  .   (no gloves)
Will    +....                   v - +2 pair of boots
Stlth   ..........              l - amulet of guardian spirit
HPRegen 0.26/turn               z - +6 ring of dexterity
MPRegen 0.18/turn               u - +2 ring of protection

@: mighty, lethally poisoned (0 -> -2)
A: fangs 1, strong nose, distributed training, horns 1, fire resistance 1,
strong-willed 1, sense surroundings 1
a: Renounce Religion, Heroism, Finesse, Duel


You were on level 1 of the Orcish Mines.
You worshipped Okawaru.
Okawaru was extremely pleased with you.
You visited 3 branches of the dungeon, and saw 14 of its levels.

You collected 1512 gold pieces.
You spent 248 gold pieces at shops.

Inventory:

Hand Weapons
 a - a +3 war axe of flaming (weapon)
 d - a +4 quarterstaff of chaos
 i - a +1 flail of protection
 o - a +6 glaive of venom
 x - a +5 demon trident
 C - a +0 vorpal broad axe
 S - a +1 mace of holy wrath
Missiles
 f - 6 atropa-tipped darts
 D - 2 datura-tipped darts
 O - 2 silver javelins (quivered)
 P - 2 boomerangs of dispersal
Armour
 q - a +0 helmet
 r - a +2 tower shield (worn)
 s - a +0 cloak (worn)
 v - a +2 pair of boots (worn)
 I - the +4 plate armour of Dice, Bag, and Bottle (worn) {Str+3}
   (You acquired it on level 9 of the Dungeon)

   Str:       It affects your strength (+3).
 W - a scarf of resistance
Magical Staves
 y - a staff of cold
Jewellery
 h - a ring of flight
 l - an amulet of guardian spirit (around neck)
 t - a +6 ring of dexterity
 u - a +2 ring of protection (right hand)
 z - a +6 ring of dexterity (left hand)
Wands
 c - a wand of light (10)
 j - a wand of flame (20)
 E - a wand of roots (21)
 Q - a wand of digging (6)
 V - a wand of paralysis (4)
Scrolls
 b - a scroll of torment
 e - 6 scrolls of amnesia
 k - 2 scrolls of identify
 n - a scroll of vulnerability
 p - a scroll of magic mapping
 F - a scroll of fear
 H - 2 scrolls of brand weapon
 J - 2 scrolls of immolation
 M - 2 scrolls of blinking
 R - a scroll of silence
Potions
 g - 2 potions of attraction
 m - a potion of resistance
 w - 2 potions of cancellation
 B - 3 potions of curing
 K - a potion of brilliance
 L - a potion of ambrosia
 N - a potion of lignification


   Skills:
 + Level 10.2 Fighting
 + Level 7.8 Short Blades
 + Level 7.8 Long Blades
 + Level 9.1 Axes
 + Level 7.8 Maces & Flails
 + Level 7.8 Polearms
 + Level 7.8 Staves
 + Level 7.8 Ranged Weapons
 + Level 7.8 Throwing
 + Level 10.2 Armour
 + Level 7.8 Dodging
 + Level 7.8 Stealth
 + Level 10.2 Shields
 + Level 7.8 Unarmed Combat
 + Level 7.8 Spellcasting
 + Level 6.4 Conjurations
 + Level 6.4 Hexes
 + Level 6.4 Summonings
 + Level 6.4 Necromancy
 + Level 6.4 Translocations
 + Level 6.4 Transmutations
 + Level 6.4 Fire Magic
 + Level 6.4 Ice Magic
 + Level 6.4 Air Magic
 + Level 6.4 Earth Magic
 + Level 6.4 Poison Magic
 + Level 8.5 Invocations
 + Level 7.8 Evocations


You had 26 spell levels left.
You didn't know any spells.
Your spell library contained the following spells:

 Spells                   Type           Power      Damage    Failure   Level
 Apportation              Tloc           30%        N/A       71%         1
 Slow                     Hex            60%        N/A       71%         1
 Scorch                   Fire           30%        2d6       85%         2
 Confusing Touch          Hex            15%        N/A       97%         3
 Vampiric Draining        Necr           15%        2d7       97%         3
 Flame Wave               Conj/Fire      15%        2d7       100%        4
 Alistair's Intoxication  Tmut/Pois      10%        N/A       100%        5
 Blade Hands              Tmut           7%         N/A       100%        5
 Fireball                 Conj/Fire      7%         3d5       100%        5
 Freezing Cloud           Conj/Ice/Air   7%         6-21      100%        5
 Dispersal                Tloc           7%         N/A       100%        6
 Iron Shot                Conj/Erth      7%         9d2       100%        6
 Starburst                Conj/Fire      7%         6d4       100%        6
 Disjunction              Tloc           7%         N/A       100%        8
 Ignition                 Fire           7%         3d5       100%        8
 Polar Vortex             Ice            7%         N/A       100%        9
 Animate Armour           Summ/Erth      Unusable   N/A       N/A         4
 Simulacrum               Ice/Necr       Unusable   N/A       N/A         6
 Summon Cactus Giant      Summ           Unusable   N/A       N/A         6

Dungeon Overview and Level Annotations

Branches:
Dungeon (11/15)            Temple (1/1) D:6            Lair (0/5) D:9
    Orc (2/2) D:10
    Elf: Orc:2

Altars:
Ashenzari
Cheibriados
Dithmenos
Elyvilon
Fedhas
Gozag
Hepliaklqana
Kikubaaqudgha
Makhleb
Nemelex Xobeh
Okawaru
Qazlal
Ru
Sif Muna
Trog
Uskayaw
Vehumet
Wu Jian
Xom
Yredelemnul
Zin
The Shining One

Shops:
D:2 =   D:5 [   D:9 [   Orc:2 (


Innate Abilities, Weirdness & Mutations

You have very sharp teeth.
Your uncanny sense of smell can sniff out nearby items.
Your experience applies equally to all skills.
You have a pair of small horns on your head.
Your flesh is heat resistant. (rF+)
You are strong-willed. (Will+)
You passively map a small area around you.


Message History

There is a stone staircase leading up here.
The orc warlord completely misses you.
You slash the orc warlord! You burn the orc warlord. You bite the orc warlord.
The orc warlord is moderately wounded.
You hit the orc knight but do no damage.
You block the orc knight's attack. You block the orc warrior's attack.
The orc warlord no longer looks unusually strong.
You block the orc warlord's attack.
The orc knight roars a battlecry!
The orc warlord goes into a battle-frenzy!
There is a stone staircase leading up here.
The orc warlord hits you with a +1 great mace of venom!!
The orc warrior hits you from afar with a +2 halberd of distortion!!
You climb upwards.
You feel like a meek peon again.
There is a stone staircase leading down here.
You slash the orc warlord! You burn the orc warlord. You bite the orc warlord.
The orc warlord is moderately wounded.
The orc warlord hits you but does no damage.
You are poisoned.
You slash the orc warlord! You burn the orc warlord.
You headbutt the orc warlord.
The orc warlord is heavily wounded.
You feel very sick. You block the orc warlord's attack. x2
You slash the orc warlord! You burn the orc warlord.
You headbutt the orc warlord, but do no damage.
The orc warlord is heavily wounded.
You feel sick.
The orc warlord hits you with a +1 great mace of venom.
You hit the orc warlord. You burn the orc warlord.
You headbutt the orc warlord!
The orc warlord is severely wounded.
You feel sick. You block the orc warlord's attack.
You hit the orc warlord. You burn the orc warlord.
You headbutt the orc warlord.
The orc warlord is severely wounded.
You feel sick. You block the orc warlord's attack.
The orc warlord hits you with a +1 great mace of venom!!!
You die...

#....#####.....#....#
##......#...........#####
#####......#.#...#.....#..##
##.###......................#
#...#................##.....#
#......#......._.)[)###....##
##...............[...###...### #
##.............o..........#.## ##
##...........@..............## .#
##.##...#...................# ##
####...#..................... ##
##.###.....................#..
.###...##............#....#...###
........#..#[...##....#..###.## #
.....#.#...#<..##....#...#..##
...........##.###.....#......#
.....8......##.#.........#..##


You could see an orc warlord (strong).

Vanquished Creatures
  An ettin (D:10)
  A boulder beetle (D:9)
  3 two-headed ogres
  An orc high priest (Orc:1)
  Urug (Orc:2)
  2 orc knights
  An orc sorcerer (Orc:2)
  2 cyclopes
  8 trolls
  Prince Ribbit (D:8)
  Grinder (D:5)
  7 slime creatures (D:9)
  2 wraiths
  A wyvern (D:9)
  8 yaks
  A steam dragon (D:6)
  7 vampire mosquitoes
  Menkaure (D:4)
  An acid dragon (D:11)
  2 wargs (D:10)
  17 orc warriors
  An ice beast (D:7)
  Duvessa (D:7)
  3 black bears
  A sky beast (D:7)
  7 ogres
  2 centaurs
  A necrophage (D:6)
  A bullfrog (D:7)
  2 gnoll sergeants
  4 scorpions
  4 wights
  Dowan (D:7)
  16 killer bees
  An electric eel (D:7)
  4 howler monkeys
  A hound (D:8)
  2 jellies
  Crazy Yiuf (D:2)
  17 orc priests
  5 iguanas
  Jessica (D:2)
  A gnoll bouda (D:9)
  Natasha (twice) (D:2)
  25 orc wizards
  22 gnolls
  12 adders
  A white imp (D:6)
  An ufetubus (D:5)
  2 worms
  2 dart slugs (D:2)
  69 orcs
  11 bats
  8 endoplasms
  3 giant cockroaches
  35 goblins
  28 hobgoblins
  15 jackals
  7 kobolds
  4 quokkas
  9 ball pythons
  4 frilled lizards
  6 rats
412 creatures vanquished.

Vanquished Creatures (others)
  An orc wizard (Orc:2)
  8 plants (D:2)
9 creatures vanquished.

Grand Total: 421 creatures vanquished

Notes
Turn   | Place    | Note
-------+----------+-------------------------------------------
     0 | D:1      | RUZZLEFAZAZZLE the Gnoll Fighter began the quest for the
                  | Orb.
     0 | D:1      | Reached XP level 1. HP: 23/23 MP: 1/1
    97 | D:1      | Reached XP level 2. HP: 22/29 MP: 2/2
   907 | D:1      | Reached XP level 3. HP: 32/35 MP: 3/3
  1210 | D:2      | Found Zaonur's One-of-a-Kind Rings.
  1251 | D:2      | Reached skill level 1 in Invocations
  1291 | D:2      | Found a runed translucent door.
  1292 | D:2      | Noticed Crazy Yiuf
  1399 | D:2      | Reached skill level 1 in Short Blades
  1399 | D:2      | Reached skill level 1 in Long Blades
  1399 | D:2      | Reached skill level 1 in Maces & Flails
  1399 | D:2      | Reached skill level 1 in Polearms
  1399 | D:2      | Reached skill level 1 in Staves
  1399 | D:2      | Reached skill level 1 in Ranged Weapons
  1399 | D:2      | Reached skill level 1 in Throwing
  1399 | D:2      | Reached skill level 1 in Dodging
  1399 | D:2      | Reached skill level 1 in Stealth
  1399 | D:2      | Reached skill level 1 in Unarmed Combat
  1399 | D:2      | Reached skill level 1 in Spellcasting
  1399 | D:2      | Reached skill level 1 in Evocations
  1404 | D:2      | Noticed Natasha
  1427 | D:2      | Reached XP level 4. HP: 33/41 MP: 5/5
  1438 | D:2      | Killed Natasha
  1439 | D:2      | Reached skill level 1 in Conjurations
  1439 | D:2      | Reached skill level 1 in Hexes
  1439 | D:2      | Reached skill level 1 in Summonings
  1439 | D:2      | Reached skill level 1 in Necromancy
  1439 | D:2      | Reached skill level 1 in Translocations
  1439 | D:2      | Reached skill level 1 in Transmutations
  1439 | D:2      | Reached skill level 1 in Fire Magic
  1439 | D:2      | Reached skill level 1 in Ice Magic
  1439 | D:2      | Reached skill level 1 in Air Magic
  1439 | D:2      | Reached skill level 1 in Earth Magic
  1439 | D:2      | Reached skill level 1 in Poison Magic
  1493 | D:2      | Noticed Natasha
  1504 | D:2      | Killed Natasha
  1505 | D:2      | Reached XP level 5. HP: 33/47 MP: 5/7
  1908 | D:2      | Noticed Jessica
  1914 | D:2      | Killed Jessica
  2312 | D:2      | Killed Crazy Yiuf
  2313 | D:2      | Reached XP level 6. HP: 41/53 MP: 8/8
  2453 | D:2      | Bought a +2 ring of protection for 140 gold pieces
  2792 | D:3      | Reached skill level 5 in Axes
  2800 | D:3      | Found a faded altar of an unknown god.
  2907 | D:3      | Found a shimmering altar of Xom.
  3191 | D:3      | Found a faded altar of an unknown god.
  3207 | D:3      | Found a radiant altar of Vehumet.
  3787 | D:3      | Reached XP level 7. HP: 37/60 MP: 6/10
  4175 | D:4      | Found a shimmering blue altar of Sif Muna.
  4730 | D:4      | Noticed Menkaure
  4934 | D:4      | Killed Menkaure
  4935 | D:4      | Reached XP level 8. HP: 44/62 MP: 8/12
  5060 | D:4      | Found an ancient bone altar of Kikubaaqudgha.
  5060 | D:4      | Found a bloodstained altar of Trog.
  5256 | D:4      | Found a glowing golden altar of the Shining One.
  5471 | D:5      | Entered Level 5 of the Dungeon
  5474 | D:5      | Found Dyppazourph's Armour Shop.
  5483 | D:5      | Bought a +0 chain mail for 54 gold pieces
  5483 | D:5      | Bought a +0 helmet for 54 gold pieces
  5614 | D:5      | Noticed Grinder
  5618 | D:5      | Paralysed by Grinder for 5 turns
  5629 | D:5      | Paralysed by Grinder for 2 turns
  5634 | D:5      | Killed Grinder
  5768 | D:5      | Found a glowing silver altar of Zin.
  6577 | D:5      | Gained mutation: You are dopey. (Int -2) [potion of
                  | mutation]
  6577 | D:5      | Lost mutation: You are dopey. (Int -2) [potion of mutation]
  6577 | D:5      | Gained mutation: Your spells are a little harder to cast,
                  | but a little more powerful. [potion of mutation]
  6577 | D:5      | Gained mutation: Your movements are slightly less
                  | encumbered by armour. (ER -2) [potion of mutation]
  6749 | D:6      | Reached XP level 9. HP: 8/73 MP: 2/14
  7048 | D:6      | Found a staircase to the Ecumenical Temple.
  7144 | Temple   | Entered the Ecumenical Temple
  7150 | Temple   | Became a worshipper of Warmaster Okawaru
  7287 | D:6      | Lost mutation: Your movements are slightly less encumbered
                  | by armour. (ER -2) [potion of mutation]
  7287 | D:6      | Lost mutation: Your spells are a little harder to cast, but
                  | a little more powerful. [potion of mutation]
  7287 | D:6      | Gained mutation: You are agile. (Dex +4, Str/Int -1)
                  | [potion of mutation]
  7287 | D:6      | Gained mutation: You passively map a small area around you.
                  | [potion of mutation]
  7287 | D:6      | Gained mutation: You are strong-willed. (Will+) [potion of
                  | mutation]
  7856 | D:6      | Reached * piety under Okawaru
  8375 | D:7      | Noticed Dowan
  8375 | D:7      | Noticed Duvessa
  8389 | D:7      | Reached skill level 5 in Invocations
  8389 | D:7      | Killed Duvessa
  8390 | D:7      | Killed Dowan
  8515 | D:7      | Found a broken altar of Ashenzari.
  9133 | D:7      | Reached ** piety under Okawaru
  9853 | D:8      | Reached skill level 5 in Short Blades
  9853 | D:8      | Reached skill level 5 in Long Blades
  9853 | D:8      | Reached skill level 5 in Maces & Flails
  9853 | D:8      | Reached skill level 5 in Polearms
  9853 | D:8      | Reached skill level 5 in Staves
  9853 | D:8      | Reached skill level 5 in Ranged Weapons
  9853 | D:8      | Reached skill level 5 in Throwing
  9853 | D:8      | Reached skill level 5 in Dodging
  9853 | D:8      | Reached skill level 5 in Stealth
  9853 | D:8      | Reached skill level 5 in Unarmed Combat
  9853 | D:8      | Reached skill level 5 in Spellcasting
  9853 | D:8      | Reached skill level 5 in Evocations
  9853 | D:8      | Reached XP level 10. HP: 81/81 MP: 17/17
  9935 | D:8      | Noticed a two-headed ogre
  9943 | D:8      | Killed a two-headed ogre
 10028 | D:8      | Lost mutation: You are strong-willed. (Will+) [potion of
                  | mutation]
 10028 | D:8      | Lost mutation: You passively map a small area around you.
                  | [potion of mutation]
 10028 | D:8      | Lost mutation: You are agile. (Dex +4, Str/Int -1) [potion
                  | of mutation]
 10028 | D:8      | Gained mutation: You have a pair of small horns on your
                  | head. [potion of mutation]
 10028 | D:8      | Gained mutation: You are strong-willed. (Will+) [potion of
                  | mutation]
 10028 | D:8      | Gained mutation: Your flesh is heat resistant. (rF+)
                  | [potion of mutation]
 10028 | D:8      | Gained mutation: You passively map a small area around you.
                  | [potion of mutation]
 10344 | D:8      | Noticed Prince Ribbit
 10371 | D:8      | Killed Prince Ribbit
 10371 | D:8      | Reached *** piety under Okawaru
 10743 | D:8      | Found a burning altar of Makhleb.
 10780 | D:9      | Identified a scroll of acquirement
 10780 | D:9      | Acquired the +4 plate armour of Dice, Bag, and Bottle
                  | {Str+3}
 10972 | D:9      | Found Noilyitz's Antique Armour Emporium.
 11560 | D:9      | Found a runed translucent door.
 11561 | D:9      | Noticed a boulder beetle
 11568 | D:9      | Noticed a cyclops
 11682 | D:9      | Killed a cyclops
 11682 | D:9      | Received a gift from Okawaru
 11686 | D:9      | Killed a boulder beetle
 11689 | D:9      | Reached **** piety under Okawaru
 11690 | D:9      | Reached skill level 5 in Conjurations
 11690 | D:9      | Reached skill level 5 in Hexes
 11690 | D:9      | Reached skill level 5 in Summonings
 11690 | D:9      | Reached skill level 5 in Necromancy
 11690 | D:9      | Reached skill level 5 in Translocations
 11690 | D:9      | Reached skill level 5 in Transmutations
 11690 | D:9      | Reached skill level 5 in Fire Magic
 11690 | D:9      | Reached skill level 5 in Ice Magic
 11690 | D:9      | Reached skill level 5 in Air Magic
 11690 | D:9      | Reached skill level 5 in Earth Magic
 11690 | D:9      | Reached skill level 5 in Poison Magic
 11690 | D:9      | Reached XP level 11. HP: 73/89 MP: 14/20
 11959 | D:9      | Found a shadowy altar of Dithmenos.
 11964 | D:9      | Received a gift from Okawaru
 12244 | D:9      | Received a gift from Okawaru
 12334 | D:9      | Found a stormy altar of Qazlal.
 12490 | D:9      | Found a staircase to the Lair.
 12577 | D:10     | Entered Level 10 of the Dungeon
 12907 | D:10     | Found a staircase to the Orcish Mines.
 12925 | D:10     | Identified the +3 leather armour of Goeh {rCorr}
 12969 | D:10     | Found an ornate altar of the Wu Jian Council.
 13073 | D:10     | Found an opulent altar of Gozag.
 13226 | D:11     | Received a gift from Okawaru
 13253 | D:11     | Noticed a two-headed ogre
 13261 | D:11     | Killed a two-headed ogre
 13286 | D:11     | Noticed a cyclops
 13291 | D:11     | Killed a cyclops
 13293 | D:11     | Reached ***** piety under Okawaru
 14068 | Orc:1    | Entered Level 1 of the Orcish Mines
 14071 | Orc:1    | Found a burning altar of Makhleb.
 14084 | Orc:1    | Noticed an ettin
 14409 | D:10     | Killed an ettin
 14410 | D:10     | Reached XP level 12. HP: 82/97 MP: 13/22
 14482 | D:10     | Received a gift from Okawaru
 14593 | Orc:1    | Noticed an orc high priest
 14606 | Orc:1    | Killed an orc high priest
 14692 | Orc:1    | Noticed a two-headed ogre
 14698 | Arena    | Entered the Arena
 14701 | Arena    | Killed a two-headed ogre
 14773 | D:10     | Reached skill level 10 in Fighting
 14773 | D:10     | Reached skill level 10 in Armour
 14773 | D:10     | Reached skill level 10 in Shields
 15533 | Orc:2    | Entered Level 2 of the Orcish Mines
 15677 | Orc:2    | Found Laidwet's Weapon Shop.
 15721 | Orc:2    | Received a gift from Okawaru
 15778 | Orc:2    | Noticed Urug
 15791 | Orc:2    | Noticed an orc warlord
 15795 | Orc:2    | Killed Urug
 15838 | Orc:1    | Slain by an orc warlord

Illustrated notes

Levels and vault maps discovered:
D:1:      dpeg_arrival_stone_temple_mockup, layout_basic
D:2:      layout_basic, nicolae_shop_unique_rings, st_stairs_1,
          kennysheep_cross_room, serial_bayou_crossing, uniq_natasha,
          uniq_jessica, uniq_crazy_yiuf_cottage
D:3:      minmay_goblin_kobold_castle, layout_loops_ring,
          mainiacjoe_overflow_small_starburst,
          nicolae_overflow_ecumenical_swirl, serial_glass, glass_columns_a,
          glass_columns_a, glass_columns_a, glass_columns_a,
          ebering_ecumenical_altar_sacrificial
D:4:      layout_basic, lemuel_crystal_altar, mainiacjoe_overflow_alcove_1,
          gammafunk_temple_overflow_wave, solitary_fountain,
          kennysheep_generic_room_7, uniq_menkaure
D:5:      layout_loops_corners, zin_academy, serial_shops, shop, uniq_grinder
D:6:      black_bear_nest_1, layout_basic, minmay_temple_entry_mini_moons
D:7:      layout_basic, mainiacjoe_overflow_six_doors_small, kennysheep_potato,
          uniq_duvessa
D:8:      layout_rooms, makhleb_blood_cavern_becter, uniq_prince_ribbit1
D:9:      layout_stronghold, mainiacjoe_overflow_surrounded_room,
          nicolae_dithmenos_the_darkroom, serial_shops, shop, wad_hexagon
D:10:     layout_rooms, old_standard_altar, grunt_gozag_statues, david_orc_3
D:11:     layout_loops_ring, chequers_serial_rivers_micro_d
Temple:   nicolae_temple_cloud_nine
Orc:1:    layout_caves, basic_altar, bh_open_orc_temple
Orc:2:    st_orc_congregation, layout_caves, serial_shops,
          nicolae_shop_bloodbath_and_beyond, minmay_orc_keep, uniq_urug

Skill      XL: |  1  2  3  4  5  6  7  8  9 10 11 12 |
---------------+-------------------------------------+-----
Invocations    | 1 2 3 4 5 6 7 8 |  8.5
Short Blades   | 1 2 3 5 6 7 |  7.8
Long Blades    | 1 2 3 5 6 7 |  7.8
Maces & Flails | 1 2 3 5 6 7 |  7.8
Polearms       | 1 2 3 5 6 7 |  7.8
Staves         | 1 2 3 5 6 7 |  7.8
Ranged Weapons | 1 2 3 5 6 7 |  7.8
Throwing       | 1 2 3 5 6 7 |  7.8
Dodging        | 1 2 3 5 6 7 |  7.8
Stealth        | 1 2 3 5 6 7 |  7.8
Unarmed Combat | 1 2 3 5 6 7 |  7.8
Spellcasting   | 1 2 3 5 6 7 |  7.8
Evocations     | 1 2 3 5 6 7 |  7.8
Conjurations   | 1 2 3 4 5 6 |  6.4
Hexes          | 1 2 3 4 5 6 |  6.4
Summonings     | 1 2 3 4 5 6 |  6.4
Necromancy     | 1 2 3 4 5 6 |  6.4
Translocations | 1 2 3 4 5 6 |  6.4
Transmutations | 1 2 3 4 5 6 |  6.4
Fire Magic     | 1 2 3 4 5 6 |  6.4
Ice Magic      | 1 2 3 4 5 6 |  6.4
Air Magic      | 1 2 3 4 5 6 |  6.4
Earth Magic    | 1 2 3 4 5 6 |  6.4
Poison Magic   | 1 2 3 4 5 6 |  6.4
Axes           | 5 6 7 8 9 |  9.1
Fighting       | 7 8 9 10 | 10.2
Armour         | 7 8 9 10 | 10.2
Shields        | 7 8 9 10 | 10.2

Action                   |  1- 3 |  4- 6 |  7- 9 | 10-12 || total
-------------------------+-------+-------+-------+-------++-------
Melee: War axe           |   106 |   260 |   343 |   522 ||  1231
       Bite              |     5 |    10 |    27 |    68 ||   110
       Headbutt          |       |       |       |   115 ||   115
Throw: Javelin           |       |       |       |     7 ||     7
Invok: Heroism           |       |       |     1 |    13 ||    14
       Finesse           |       |       |       |     5 ||     5
       Duel              |       |       |       |     1 ||     1
Evoke: Wand              |       |       |     2 |    22 ||    24
  Use: Potion            |       |     4 |     4 |     7 ||    15
       Scroll            |       |       |    17 |    16 ||    33
 Stab: Invisible         |       |     2 |       |       ||     2
Armor: Scale mail        |    52 |   151 |    85 |       ||   288
       Chain mail        |       |       |   188 |    50 ||   238
       Plate armour      |       |       |       |   206 ||   206
Dodge: Dodged            |    63 |    97 |   112 |   120 ||   392
Block: Buckler           |    32 |     9 |       |       ||    41
       Tower shield      |       |   241 |   375 |   570 ||  1186
